Oilers vs MapleLeafs

Created - January 19 2011 at 18:08

Goals
1 2 3 T
Oilers 1 0 2 3
MapleLeafs 2 1 2 5
Shots
1 2 3 T
Oilers 6 11 10 27
MapleLeafs 14 10 5 29

Period #1

1. MapleLeafs , Patrick Marleau 38 (Vincent Lecavalier) at 0:06
2. Oilers , Derek Roy 24 (Dany Heatley) at 0:41 (PP)
3. MapleLeafs , Radek Martinek 3 (Mike Grier, Ryan Miller) at 19:33 (PP)

Penalties :
Shaone Morrisonn (TOR) for Holding (Minor) at 0:37, Adrian Aucoin (EDM) for High sticking (Minor) at 5:12, Dany Heatley (EDM) for Hooking (Minor) at 11:31, Scott Nichol (EDM) for Roughing (Minor) at 18:53

Period #2

4. MapleLeafs , Vincent Lecavalier 15 (Drew Doughty) at 16:02 (PP)

Penalties :
Sean ODonnell (EDM) for High sticking (Minor) at 0:19, Stephen Weiss (EDM) for Hooking (Minor) at 3:16, Todd Marchant (EDM) for Hooking (Minor) at 7:00, Travis Moen (TOR) for Hooking (Minor) at 9:09, Drew Doughty (TOR) for Roughing (Minor) at 12:12, Mark Popovic (EDM) for Tripping (Minor) at 15:56

Period #3

5. Oilers , Ryan Johnson 5 (Andrew Ladd, Todd Marchant) at 4:07
6. MapleLeafs , Patrick Marleau 39 (Vincent Lecavalier, Dan Hamhuis) at 4:45
7. Oilers , Michal Handzus 16 (Stephen Weiss, Mark Popovic) at 5:34
8. MapleLeafs , Marian Hossa 25 (Dan Hamhuis) at 19:41 (Empty Net)

Penalties :
Patrick Marleau (TOR) for Tripping (Minor) at 6:57, Drew Doughty (TOR) for Roughing (Minor) at 10:40, Shaone Morrisonn (TOR) for Slashing (Minor) at 14:52

Goalie Stats

Kari Lehtonen (EDM), 24 saves from 28 shots - (0.857), L, 18-13-7, 59:54 minutes
Ryan Miller (TOR), 24 saves from 27 shots - (0.889), W, 24-16-5, 60:00 minutes

Players Stats

Oilers
Player Name              G  A  P  +/- PIM S  H  SB FO    MP 
------------------------------------------------------------
Adrian Aucoin            0  0  0  -1  2   0  2  1  0/0   23 
Andrew Ladd              0  1  1   1  0   0  1  0  2/6   12 
Bryce Salvador           0  0  0   1  0   0  3  0  0/0   20 
Dany Heatley             0  1  1  -1  2   4  0  0  1/1   17 
Derek Roy                1  0  1  -1  0   5  3  0  15/25 18 
Mark Popovic             0  1  1  -1  2   0  2  1  0/0   13 
Michal Handzus           1  0  1  -1  0   2  2  0  14/26 21 
Miroslav Satan           0  0  0   0  0   1  0  0  1/1   7  
Radek Dvorak             0  0  0  -1  0   3  1  0  1/4   17 
Rod BrindAmour           0  0  0   0  0   0  0  0  1/1   7  
Roman Hamrlik            0  0  0   1  0   1  0  1  0/0   19 
Ryan Johnson             1  0  1   1  0   3  0  1  4/7   15 
Scott Hannan             0  0  0  -1  0   0  0  1  0/0   21 
Scott Nichol             0  0  0   0  2   0  3  0  4/10  12 
Sean ODonnell            0  0  0  -1  2   0  1  0  0/0   22 
Stephen Weiss            0  1  1  -1  2   2  0  0  0/1   16 
Steve Sullivan           0  0  0  -1  0   3  0  0  1/2   17 
Todd Marchant            0  1  1   1  2   3  2  0  2/2   15 
MapleLeafs
Player Name              G  A  P  +/- PIM S  H  SB FO    MP 
------------------------------------------------------------
Andreas Lilja            0  0  0   0  0   0  0  0  0/0   5  
Anton Volchenkov         0  0  0  -1  0   0  0  0  0/0   17 
Dan Hamhuis              0  2  2   2  0   0  0  1  0/0   22 
Drew Doughty             0  1  1   2  4   4  1  0  0/0   25 
Jason Arnott             0  0  0  -1  0   2  0  0  8/19  18 
Joffrey Lupul            0  0  0   0  0   2  1  0  2/11  19 
Keith Tkachuk            0  0  0   0  0   0  2  1  0/0   10 
Kyle Cumiskey            0  0  0   0  0   0  0  2  0/0   8  
Marian Hossa             1  0  1   2  0   3  0  0  0/1   22 
Matt Greene              0  0  0   0  0   0  0  0  0/0   0  
Mike Grier               0  1  1   0  0   3  1  0  1/3   18 
Patrick Marleau          2  0  2   1  2   9  1  0  1/1   24 
Radek Martinek           1  0  1   0  0   3  1  1  0/0   21 
Sam Gagner               0  0  0  -1  0   0  0  0  10/19 22 
Shaone Morrisonn         0  0  0  -1  4   1  1  1  0/0   20 
Travis Moen              0  0  0   0  2   0  0  0  0/0   12 
Vernon Fiddler           0  0  0   0  0   1  0  0  1/2   4  
Vincent Lecavalier       1  2  3   2  0   1  2  0  17/30 23 

3 Stars

1 - Vincent Lecavalier (TOR)
2 - Patrick Marleau (TOR)
3 - Dan Hamhuis (TOR)

Power Play

Oilers - 1 on 6 Attempt(s) - 16.67%
MapleLeafs - 2 on 7 Attempt(s) - 28.57%

Penalty Kill

Oilers - 5 on 7 Attempt(s) - 71.43% - Score 0 goal in Penalty Kill
MapleLeafs - 5 on 6 Attempt(s) - 83.33% - Score 0 goal in Penalty Kill

Game Notes

Marian Hossa has scored in a empty net!

Finance

Level 1 -- Attendance: 6500 (100.00%) -- Ticket Income $533,000.00
Level 2 -- Attendance: 5000 (100.00%) -- Ticket Income $210,000.00
Level 3 -- Attendance: 3500 (100.00%) -- Ticket Income $101,500.00
Level 4 -- Attendance: 2819 (100.00%) -- Ticket Income $39,466.00
Luxury Box -- Attendance: 1000 (100.00%) -- Ticket Income $190,000.00
Game was played at the Air Canada Center
Total Attendance: 18819 (100.00%)
Total Ticket Income: $1,177,888.00
Other Income: $203,077.80
Total Income: $1,380,966.00


Play by Play

Period #1

0:01 of 1st period - Vincent Lecavalier wins face-off versus Derek Roy in neutral zone.
0:06 of 1st period - Shot by Patrick Marleau.
0:06 of 1st period - Goal by Patrick Marleau - Oilers : 0 - MapleLeafs : 1.
0:07 of 1st period - Jason Arnott wins face-off versus Michal Handzus in neutral zone.
0:32 of 1st period - Shot by Michal Handzus.
0:32 of 1st period - Shot Misses the Net.
0:34 of 1st period - Shot by Michal Handzus.
0:34 of 1st period - Shot Blocked by Shaone Morrisonn.
0:36 of 1st period - Shot by Radek Dvorak.
0:36 of 1st period - Shot Misses the Net.
0:37 of 1st period - Minor Penalty to Shaone Morrisonn for Holding.
0:38 of 1st period - Derek Roy wins face-off versus Sam Gagner in MapleLeafs zone.
0:41 of 1st period - Shot by Derek Roy.
0:41 of 1st period - Goal by Derek Roy - Oilers : 1 - MapleLeafs : 1.
0:42 of 1st period - Vincent Lecavalier wins face-off versus Derek Roy in neutral zone.
1:17 of 1st period - Shot by Steve Sullivan.
1:17 of 1st period - Stopped by Ryan Miller without a rebound.
1:18 of 1st period - Ryan Johnson wins face-off versus Sam Gagner in MapleLeafs zone.
2:16 of 1st period - Ryan Johnson is hit by Vincent Lecavalier and loses puck.
3:18 of 1st period - Shot by Patrick Marleau.
3:18 of 1st period - Stopped by Kari Lehtonen without a rebound.
3:19 of 1st period - Sam Gagner wins face-off versus Michal Handzus in Oilers zone.
3:26 of 1st period - Shot by Joffrey Lupul.
3:26 of 1st period - Stopped by Kari Lehtonen without a rebound.
3:27 of 1st period - Derek Roy wins face-off versus Sam Gagner in Oilers zone.
3:46 of 1st period - Derek Roy is hit by Shaone Morrisonn and loses puck.
4:17 of 1st period - Off-side.
4:18 of 1st period - Vincent Lecavalier wins face-off versus Michal Handzus in neutral zone.
4:34 of 1st period - Shot by Patrick Marleau.
4:34 of 1st period - Shot Misses the Net.
4:47 of 1st period - Icing by Mark Popovic.
4:48 of 1st period - Vincent Lecavalier wins face-off versus Michal Handzus in Oilers zone.
4:53 of 1st period - Shot by Jason Arnott.
4:53 of 1st period - Stopped by Kari Lehtonen without a rebound.
4:54 of 1st period - Miroslav Satan wins face-off versus Vincent Lecavalier in Oilers zone.
5:02 of 1st period - Vincent Lecavalier is hit by Adrian Aucoin and loses puck.
5:12 of 1st period - Minor Penalty to Adrian Aucoin for High sticking.
5:13 of 1st period - Michal Handzus wins face-off versus Vincent Lecavalier in Oilers zone.
5:32 of 1st period - Shot by Drew Doughty.
5:32 of 1st period - Stopped by Kari Lehtonen without a rebound.
5:33 of 1st period - Jason Arnott wins face-off versus Scott Nichol in Oilers zone.
5:40 of 1st period - Shot by Radek Martinek.
5:40 of 1st period - Shot Blocked by Scott Hannan.
5:42 of 1st period - Shot by Radek Martinek.
5:42 of 1st period - Stopped by Kari Lehtonen without a rebound.
5:43 of 1st period - Mike Grier wins face-off versus Scott Nichol in Oilers zone.
6:04 of 1st period - Shot by Marian Hossa.
6:04 of 1st period - Stopped by Kari Lehtonen without a rebound.
6:05 of 1st period - Michal Handzus wins face-off versus Jason Arnott in Oilers zone.
6:16 of 1st period - Shot by Shaone Morrisonn.
6:16 of 1st period - Shot Blocked by Ryan Johnson.
6:39 of 1st period - Shot by Ryan Johnson.
6:39 of 1st period - Stopped by Ryan Miller without a rebound.
6:40 of 1st period - Vincent Lecavalier wins face-off versus Michal Handzus in MapleLeafs zone.
6:40 of 1st period - Vincent Lecavalier is hit by Todd Marchant.
7:07 of 1st period - Marian Hossa is hit by Sean ODonnell.
7:23 of 1st period - Shot by Adrian Aucoin.
7:23 of 1st period - Shot Misses the Net.
8:06 of 1st period - Jason Arnott is hit by Mark Popovic and loses puck.
8:26 of 1st period - Icing by Anton Volchenkov.
8:27 of 1st period - Jason Arnott wins face-off versus Derek Roy in MapleLeafs zone.
9:14 of 1st period - Stephen Weiss is hit by Vincent Lecavalier and loses puck.
9:32 of 1st period - Shot by Radek Dvorak.
9:32 of 1st period - Shot Misses the Net.
9:52 of 1st period - Shot by Todd Marchant.
9:52 of 1st period - Stopped by Ryan Miller without a rebound.
9:53 of 1st period - Sam Gagner wins face-off versus Andrew Ladd in MapleLeafs zone.
10:18 of 1st period - Shaone Morrisonn is hit by Todd Marchant and loses puck.
10:28 of 1st period - Icing by Mark Popovic.
10:29 of 1st period - Ryan Johnson wins face-off versus Jason Arnott in Oilers zone.
11:31 of 1st period - Minor Penalty to Dany Heatley for Hooking.
11:32 of 1st period - Michal Handzus wins face-off versus Vincent Lecavalier in Oilers zone.
11:55 of 1st period - Shot by Drew Doughty.
11:55 of 1st period - Stopped by Kari Lehtonen without a rebound.
11:56 of 1st period - Jason Arnott wins face-off versus Scott Nichol in Oilers zone.
12:47 of 1st period - Michal Handzus is hit by Mike Grier and loses puck.
12:56 of 1st period - Shot by Drew Doughty.
12:56 of 1st period - Stopped by Kari Lehtonen without a rebound.
12:57 of 1st period - Michal Handzus wins face-off versus Joffrey Lupul in Oilers zone.
13:12 of 1st period - Shot by Mike Grier.
13:12 of 1st period - Stopped by Kari Lehtonen with a rebound.
14:33 of 1st period - Icing by Mark Popovic.
14:34 of 1st period - Vincent Lecavalier wins face-off versus Andrew Ladd in Oilers zone.
14:38 of 1st period - Icing by Mark Popovic.
14:39 of 1st period - Andrew Ladd wins face-off versus Vincent Lecavalier in Oilers zone.
15:08 of 1st period - Icing by Dan Hamhuis.
15:09 of 1st period - Rod BrindAmour wins face-off versus Vincent Lecavalier in MapleLeafs zone.
15:52 of 1st period - Shot by Radek Martinek.
15:52 of 1st period - Stopped by Kari Lehtonen without a rebound.
15:53 of 1st period - Derek Roy wins face-off versus Jason Arnott in Oilers zone.
15:58 of 1st period - Kyle Cumiskey is hit by Derek Roy and loses puck.
16:02 of 1st period - Icing by Kyle Cumiskey.
16:03 of 1st period - Ryan Johnson wins face-off versus Joffrey Lupul in MapleLeafs zone.
17:30 of 1st period - Shot by Stephen Weiss.
17:30 of 1st period - Deflect By Michal Handzus.
17:30 of 1st period - Shot Hit the Post.
18:09 of 1st period - Shot by Steve Sullivan.
18:09 of 1st period - Stopped by Ryan Miller without a rebound.
18:10 of 1st period - Sam Gagner wins face-off versus Derek Roy in MapleLeafs zone.
18:17 of 1st period - Shot by Mike Grier.
18:17 of 1st period - Stopped by Kari Lehtonen without a rebound.
18:18 of 1st period - Sam Gagner wins face-off versus Steve Sullivan in Oilers zone.
18:18 of 1st period - Radek Martinek is hit by Adrian Aucoin and loses puck.
18:27 of 1st period - Shot by Dany Heatley.
18:27 of 1st period - Stopped by Ryan Miller without a rebound.
18:28 of 1st period - Jason Arnott wins face-off versus Scott Nichol in MapleLeafs zone.
18:28 of 1st period - Jason Arnott is hit by Scott Nichol.
18:53 of 1st period - Minor Penalty to Scott Nichol for Roughing.
18:54 of 1st period - Michal Handzus wins face-off versus Jason Arnott in Oilers zone.
19:17 of 1st period - Shot by Jason Arnott.
19:17 of 1st period - Stopped by Kari Lehtonen without a rebound.
19:18 of 1st period - Radek Dvorak wins face-off versus Mike Grier in Oilers zone.
19:18 of 1st period - Radek Dvorak is hit by Keith Tkachuk.
19:33 of 1st period - Shot by Radek Martinek.
19:33 of 1st period - Goal by Radek Martinek - Oilers : 1 - MapleLeafs : 2.
19:34 of 1st period - Sam Gagner wins face-off versus Derek Roy in neutral zone.
19:55 of 1st period - Mike Grier is hit by Derek Roy and loses puck.

Period #2

0:01 of 2nd period - Vincent Lecavalier wins face-off versus Derek Roy in neutral zone.
0:19 of 2nd period - Minor Penalty to Sean ODonnell for High sticking.
0:20 of 2nd period - Scott Nichol wins face-off versus Jason Arnott in Oilers zone.
1:37 of 2nd period - Shot by Patrick Marleau.
1:37 of 2nd period - Stopped by Kari Lehtonen with a rebound.
1:39 of 2nd period - Shot by Patrick Marleau.
1:39 of 2nd period - Stopped by Kari Lehtonen with a rebound.
1:41 of 2nd period - Shot by Marian Hossa.
1:41 of 2nd period - Shot Misses the Net.
1:43 of 2nd period - Shot by Marian Hossa.
1:43 of 2nd period - Shot Misses the Net.
1:59 of 2nd period - Shot by Marian Hossa.
1:59 of 2nd period - Shot Misses the Net.
2:01 of 2nd period - Shot by Drew Doughty.
2:01 of 2nd period - Stopped by Kari Lehtonen without a rebound.
2:02 of 2nd period - Vincent Lecavalier wins face-off versus Michal Handzus in Oilers zone.
3:16 of 2nd period - Minor Penalty to Stephen Weiss for Hooking.
3:17 of 2nd period - Patrick Marleau wins face-off versus Scott Nichol in Oilers zone.
3:40 of 2nd period - Shot by Drew Doughty.
3:40 of 2nd period - Shot Misses the Net.
3:42 of 2nd period - Shot by Patrick Marleau.
3:42 of 2nd period - Stopped by Kari Lehtonen without a rebound.
3:43 of 2nd period - Michal Handzus wins face-off versus Vincent Lecavalier in Oilers zone.
4:25 of 2nd period - Off-side.
4:26 of 2nd period - Jason Arnott wins face-off versus Scott Nichol in neutral zone.
5:16 of 2nd period - Shot by Marian Hossa.
5:16 of 2nd period - Shot Blocked by Mark Popovic.
5:21 of 2nd period - Off-side.
5:22 of 2nd period - Dany Heatley wins face-off versus Sam Gagner in neutral zone.
5:37 of 2nd period - Shot by Joffrey Lupul.
5:37 of 2nd period - Stopped by Kari Lehtonen without a rebound.
5:38 of 2nd period - Vincent Lecavalier wins face-off versus Michal Handzus in Oilers zone.
5:38 of 2nd period - Vincent Lecavalier is hit by Mark Popovic.
7:00 of 2nd period - Minor Penalty to Todd Marchant for Hooking.
7:01 of 2nd period - Jason Arnott wins face-off versus Andrew Ladd in Oilers zone.
7:02 of 2nd period - Shot by Patrick Marleau.
7:02 of 2nd period - Shot Misses the Net.
7:04 of 2nd period - Shot by Patrick Marleau.
7:04 of 2nd period - Stopped by Kari Lehtonen with a rebound.
7:06 of 2nd period - Shot by Mike Grier.
7:06 of 2nd period - Stopped by Kari Lehtonen without a rebound.
7:07 of 2nd period - Andrew Ladd wins face-off versus Vincent Lecavalier in Oilers zone.
8:48 of 2nd period - Shot by Dan Hamhuis.
8:48 of 2nd period - Shot Misses the Net.
8:50 of 2nd period - Shot by Marian Hossa.
8:50 of 2nd period - Shot Misses the Net.
8:52 of 2nd period - Shot by Marian Hossa.
8:52 of 2nd period - Shot Misses the Net.
8:54 of 2nd period - Shot by Vernon Fiddler.
8:54 of 2nd period - Stopped by Kari Lehtonen without a rebound.
8:55 of 2nd period - Scott Nichol wins face-off versus Vernon Fiddler in Oilers zone.
8:55 of 2nd period - Scott Nichol is hit by Keith Tkachuk.
9:09 of 2nd period - Minor Penalty to Travis Moen for Hooking.
9:10 of 2nd period - Joffrey Lupul wins face-off versus Derek Roy in MapleLeafs zone.
9:10 of 2nd period - Joffrey Lupul is hit by Derek Roy.
9:26 of 2nd period - Shot by Dany Heatley.
9:26 of 2nd period - Stopped by Ryan Miller without a rebound.
9:27 of 2nd period - Todd Marchant wins face-off versus Joffrey Lupul in MapleLeafs zone.
9:28 of 2nd period - Shot by Roman Hamrlik.
9:28 of 2nd period - Shot Blocked by Radek Martinek.
9:30 of 2nd period - Shot by Radek Dvorak.
9:30 of 2nd period - Shot Misses the Net.
9:32 of 2nd period - Shot by Todd Marchant.
9:32 of 2nd period - Stopped by Ryan Miller without a rebound.
9:33 of 2nd period - Sam Gagner wins face-off versus Derek Roy in MapleLeafs zone.
10:00 of 2nd period - Shot by Dany Heatley.
10:00 of 2nd period - Stopped by Ryan Miller without a rebound.
10:01 of 2nd period - Michal Handzus wins face-off versus Sam Gagner in MapleLeafs zone.
10:04 of 2nd period - Shot by Stephen Weiss.
10:04 of 2nd period - Shot Misses the Net.
10:32 of 2nd period - Shot by Stephen Weiss.
10:32 of 2nd period - Stopped by Ryan Miller without a rebound.
10:33 of 2nd period - Sam Gagner wins face-off versus Derek Roy in MapleLeafs zone.
11:01 of 2nd period - Shot by Steve Sullivan.
11:01 of 2nd period - Stopped by Ryan Miller without a rebound.
11:02 of 2nd period - Michal Handzus wins face-off versus Joffrey Lupul in MapleLeafs zone.
11:03 of 2nd period - Shot by Roman Hamrlik.
11:03 of 2nd period - Stopped by Ryan Miller without a rebound.
11:04 of 2nd period - Joffrey Lupul wins face-off versus Radek Dvorak in MapleLeafs zone.
11:41 of 2nd period - Shot by Miroslav Satan.
11:41 of 2nd period - Shot Misses the Net.
12:12 of 2nd period - Minor Penalty to Drew Doughty for Roughing.
12:13 of 2nd period - Derek Roy wins face-off versus Joffrey Lupul in MapleLeafs zone.
12:25 of 2nd period - Icing by Dany Heatley.
12:26 of 2nd period - Derek Roy wins face-off versus Joffrey Lupul in Oilers zone.
12:31 of 2nd period - Shot by Derek Roy.
12:31 of 2nd period - Shot Misses the Net.
12:35 of 2nd period - Shot by Derek Roy.
12:35 of 2nd period - Stopped by Ryan Miller without a rebound.
12:36 of 2nd period - Michal Handzus wins face-off versus Joffrey Lupul in MapleLeafs zone.
14:03 of 2nd period - Shot by Radek Dvorak.
14:03 of 2nd period - Shot Blocked by Kyle Cumiskey.
14:05 of 2nd period - Shot by Radek Dvorak.
14:05 of 2nd period - Shot Misses the Net.
14:09 of 2nd period - Shot by Stephen Weiss.
14:09 of 2nd period - Stopped by Ryan Miller without a rebound.
14:10 of 2nd period - Derek Roy wins face-off versus Joffrey Lupul in MapleLeafs zone.
15:56 of 2nd period - Minor Penalty to Mark Popovic for Tripping.
15:57 of 2nd period - Vincent Lecavalier wins face-off versus Radek Dvorak in Oilers zone.
16:02 of 2nd period - Shot by Vincent Lecavalier.
16:02 of 2nd period - Goal by Vincent Lecavalier - Oilers : 1 - MapleLeafs : 3.
16:03 of 2nd period - Vincent Lecavalier wins face-off versus Michal Handzus in neutral zone.
16:18 of 2nd period - Shot by Radek Dvorak.
16:18 of 2nd period - Stopped by Ryan Miller without a rebound.
16:19 of 2nd period - Sam Gagner wins face-off versus Ryan Johnson in MapleLeafs zone.
16:31 of 2nd period - Icing by Bryce Salvador.
16:32 of 2nd period - Vincent Lecavalier wins face-off versus Andrew Ladd in Oilers zone.
16:39 of 2nd period - Shot by Marian Hossa.
16:39 of 2nd period - Shot Misses the Net.
16:45 of 2nd period - Shot by Patrick Marleau.
16:45 of 2nd period - Stopped by Kari Lehtonen without a rebound.
16:46 of 2nd period - Michal Handzus wins face-off versus Jason Arnott in Oilers zone.
16:46 of 2nd period - Stephen Weiss is hit by Joffrey Lupul and loses puck.
16:57 of 2nd period - Shot by Michal Handzus.
16:57 of 2nd period - Stopped by Ryan Miller with a rebound.
16:59 of 2nd period - Shot by Mark Popovic.
16:59 of 2nd period - Shot Misses the Net.
17:01 of 2nd period - Shot by Radek Dvorak.
17:01 of 2nd period - Shot Misses the Net.
17:03 of 2nd period - Shot by Stephen Weiss.
17:03 of 2nd period - Shot Misses the Net.
17:19 of 2nd period - Sam Gagner is hit by Michal Handzus and loses puck.
18:47 of 2nd period - Icing by Derek Roy.
18:48 of 2nd period - Derek Roy wins face-off versus Jason Arnott in Oilers zone.
19:41 of 2nd period - Shot by Todd Marchant.
19:41 of 2nd period - Stopped by Ryan Miller without a rebound.
19:42 of 2nd period - Sam Gagner wins face-off versus Michal Handzus in MapleLeafs zone.
19:59 of 2nd period - Shot by Marian Hossa.
19:59 of 2nd period - Deflect By Keith Tkachuk.
19:59 of 2nd period - Shot Misses the Net.

Period #3

0:01 of 3rd period - Derek Roy wins face-off versus Vincent Lecavalier in neutral zone.
0:03 of 3rd period - Off-side.
0:04 of 3rd period - Derek Roy wins face-off versus Jason Arnott in neutral zone.
0:22 of 3rd period - Shot by Jason Arnott.
0:22 of 3rd period - Shot Blocked by Adrian Aucoin.
0:24 of 3rd period - Shot by Shaone Morrisonn.
0:24 of 3rd period - Stopped by Kari Lehtonen without a rebound.
0:25 of 3rd period - Vincent Lecavalier wins face-off versus Michal Handzus in Oilers zone.
0:33 of 3rd period - Michal Handzus is hit by Drew Doughty and loses puck.
0:50 of 3rd period - Shot by Mark Popovic.
0:50 of 3rd period - Shot Misses the Net.
0:54 of 3rd period - Shot by Radek Dvorak.
0:54 of 3rd period - Stopped by Ryan Miller without a rebound.
0:55 of 3rd period - Ryan Johnson wins face-off versus Sam Gagner in MapleLeafs zone.
1:13 of 3rd period - Shaone Morrisonn is hit by Andrew Ladd and loses puck.
1:29 of 3rd period - Icing by Radek Martinek.
1:30 of 3rd period - Derek Roy wins face-off versus Sam Gagner in MapleLeafs zone.
1:34 of 3rd period - Steve Sullivan is hit by Radek Martinek and loses puck.
2:11 of 3rd period - Shot by Derek Roy.
2:11 of 3rd period - Stopped by Ryan Miller with a rebound.
4:05 of 3rd period - Shot by Andrew Ladd.
4:05 of 3rd period - Shot Misses the Net.
4:07 of 3rd period - Shot by Ryan Johnson.
4:07 of 3rd period - Goal by Ryan Johnson - Oilers : 2 - MapleLeafs : 3.
4:08 of 3rd period - Scott Nichol wins face-off versus Marian Hossa in neutral zone.
4:27 of 3rd period - Shot by Rod BrindAmour.
4:27 of 3rd period - Shot Misses the Net.
4:31 of 3rd period - Shot by Miroslav Satan.
4:31 of 3rd period - Stopped by Ryan Miller without a rebound.
4:32 of 3rd period - Vincent Lecavalier wins face-off versus Michal Handzus in MapleLeafs zone.
4:39 of 3rd period - Shot by Marian Hossa.
4:39 of 3rd period - Shot Misses the Net.
4:43 of 3rd period - Shot by Vincent Lecavalier.
4:43 of 3rd period - Shot Misses the Net.
4:45 of 3rd period - Shot by Patrick Marleau.
4:45 of 3rd period - Goal by Patrick Marleau - Oilers : 2 - MapleLeafs : 4.
4:46 of 3rd period - Derek Roy wins face-off versus Vincent Lecavalier in neutral zone.
5:04 of 3rd period - Icing by Dan Hamhuis.
5:05 of 3rd period - Michal Handzus wins face-off versus Vincent Lecavalier in MapleLeafs zone.
5:18 of 3rd period - Shot by Radek Dvorak.
5:18 of 3rd period - Shot Misses the Net.
5:34 of 3rd period - Shot by Michal Handzus.
5:34 of 3rd period - Goal by Michal Handzus - Oilers : 3 - MapleLeafs : 4.
5:35 of 3rd period - Vernon Fiddler wins face-off versus Ryan Johnson in neutral zone.
5:39 of 3rd period - Travis Moen is hit by Bryce Salvador.
5:43 of 3rd period - Shot by Travis Moen.
5:43 of 3rd period - Shot Misses the Net.
6:42 of 3rd period - Shot by Derek Roy.
6:42 of 3rd period - Stopped by Ryan Miller without a rebound.
6:43 of 3rd period - Michal Handzus wins face-off versus Jason Arnott in MapleLeafs zone.
6:44 of 3rd period - Shot by Radek Dvorak.
6:44 of 3rd period - Stopped by Ryan Miller without a rebound.
6:45 of 3rd period - Jason Arnott wins face-off versus Radek Dvorak in MapleLeafs zone.
6:57 of 3rd period - Minor Penalty to Patrick Marleau for Tripping.
6:58 of 3rd period - Derek Roy wins face-off versus Vincent Lecavalier in MapleLeafs zone.
7:03 of 3rd period - Shot by Derek Roy.
7:03 of 3rd period - Shot Blocked by Dan Hamhuis.
7:33 of 3rd period - Shot by Derek Roy.
7:33 of 3rd period - Shot Blocked by Keith Tkachuk.
8:41 of 3rd period - Shot by Dany Heatley.
8:41 of 3rd period - Deflect By Derek Roy.
8:41 of 3rd period - Stopped by Ryan Miller without a rebound.
8:42 of 3rd period - Sam Gagner wins face-off versus Michal Handzus in MapleLeafs zone.
9:39 of 3rd period - Shot by Andrew Ladd.
9:39 of 3rd period - Shot Misses the Net.
9:41 of 3rd period - Shot by Ryan Johnson.
9:41 of 3rd period - Stopped by Ryan Miller without a rebound.
9:42 of 3rd period - Vincent Lecavalier wins face-off versus Ryan Johnson in MapleLeafs zone.
10:17 of 3rd period - Shot by Marian Hossa.
10:17 of 3rd period - Stopped by Kari Lehtonen without a rebound.
10:18 of 3rd period - Michal Handzus wins face-off versus Vincent Lecavalier in Oilers zone.
10:18 of 3rd period - Michal Handzus is hit by Patrick Marleau.
10:39 of 3rd period - Shot by Stephen Weiss.
10:39 of 3rd period - Shot Misses the Net.
10:40 of 3rd period - Minor Penalty to Drew Doughty for Roughing.
10:41 of 3rd period - Derek Roy wins face-off versus Joffrey Lupul in MapleLeafs zone.
11:02 of 3rd period - Shot by Derek Roy.
11:02 of 3rd period - Deflect By Dany Heatley.
11:02 of 3rd period - Stopped by Ryan Miller without a rebound.
11:03 of 3rd period - Michal Handzus wins face-off versus Sam Gagner in MapleLeafs zone.
11:59 of 3rd period - Icing by Sean ODonnell.
12:00 of 3rd period - Derek Roy wins face-off versus Sam Gagner in Oilers zone.
12:43 of 3rd period - Shot by Vincent Lecavalier.
12:43 of 3rd period - Shot Blocked by Roman Hamrlik.
12:45 of 3rd period - Shot by Marian Hossa.
12:45 of 3rd period - Shot Misses the Net.
12:51 of 3rd period - Shot by Patrick Marleau.
12:51 of 3rd period - Stopped by Kari Lehtonen without a rebound.
12:52 of 3rd period - Scott Nichol wins face-off versus Vincent Lecavalier in Oilers zone.
13:46 of 3rd period - Shot by Joffrey Lupul.
13:46 of 3rd period - Shot Misses the Net.
13:51 of 3rd period - Shaone Morrisonn is hit by Scott Nichol and loses puck.
14:18 of 3rd period - Drew Doughty is hit by Michal Handzus and loses puck.
14:52 of 3rd period - Minor Penalty to Shaone Morrisonn for Slashing.
14:53 of 3rd period - Derek Roy wins face-off versus Jason Arnott in MapleLeafs zone.
15:18 of 3rd period - Shot by Derek Roy.
15:18 of 3rd period - Shot Blocked by Kyle Cumiskey.
15:58 of 3rd period - Shot by Stephen Weiss.
15:58 of 3rd period - Shot Misses the Net.
16:21 of 3rd period - Drew Doughty is hit by Radek Dvorak and loses puck.
17:17 of 3rd period - Shaone Morrisonn is hit by Bryce Salvador and loses puck.
17:35 of 3rd period - Icing by Marian Hossa.
17:36 of 3rd period - Vincent Lecavalier wins face-off versus Derek Roy in MapleLeafs zone.
17:53 of 3rd period - Shot by Dany Heatley.
17:53 of 3rd period - Shot Misses the Net.
17:55 of 3rd period - Shot by Derek Roy.
17:55 of 3rd period - Shot Misses the Net.
17:59 of 3rd period - Shot by Adrian Aucoin.
17:59 of 3rd period - Shot Misses the Net.
18:46 of 3rd period - Icing by Sean ODonnell.
18:47 of 3rd period - Steve Sullivan wins face-off versus Jason Arnott in Oilers zone.
19:15 of 3rd period - Icing by Scott Hannan.
19:16 of 3rd period - Vincent Lecavalier wins face-off versus Stephen Weiss in Oilers zone.
19:35 of 3rd period - Oilers, Kari Lehtonen is pulled from the net.
19:41 of 3rd period - Shot by Marian Hossa.
19:41 of 3rd period - Goal by Marian Hossa - Oilers : 3 - MapleLeafs : 5.
19:41 of 3rd period - Kari Lehtonen from Oilers was sent back in the game.
19:42 of 3rd period - Todd Marchant wins face-off versus Mike Grier in neutral zone.
19:50 of 3rd period - Radek Martinek is hit by Scott Nichol and loses puck.
19:54 of 3rd period - Radek Martinek is hit by Bryce Salvador and loses puck.
19:59 of 3rd period - Shot by Marian Hossa.
19:59 of 3rd period - Shot Misses the Net.


Output by the SimonT Hockey Simulator (STHS) for Stephane Roy -- Original Page W3C XHTML 1.0 Valid